 Dungeon Crawl Stone Soup version 0.24.0-37-gcf1ca852f1 (webtiles) character file.

Game seed: 12444925934881021179, levelgen mode: deterministic

16 FishyPogo the Charmwright (level 2, 0/26 HPs)
             Began as a Gnoll Skald on Dec 6, 2019.
             Succumbed to an adder's poison
             ... on level 3 of the Dungeon.
             The game lasted 00:01:06 (118 turns).

FishyPogo the Charmwright (Gnoll Skald)              Turns: 118, Time: 00:01:07

Health: 0/26       AC:  3    Str: 13    XL:     2   Next: 58%
Magic:  1/7        EV: 14    Int: 15    God:
Gold:   11         SH:  0    Dex: 14    Spells: 9/10 levels left

rFire    . . .     SeeInvis .   a - +0 hand axe
rCold    . . .     Gourm    .   (no shield)
rNeg     . . .     Faith    .   b - +0 leather armour
rPois    .         Spirit   .   (no helmet)
rElec    .         Reflect  .   (no cloak)
rCorr    .         Harm     .   (no gloves)
MR       .....                  (no boots)
Stlth    +.........             (no amulet)
HPRegen  0.08/turn              (no ring)
MPRegen  0.10/turn              (no ring)

@: lethally poisoned (0 -> -1), infused, hasted, very quick
A: distributed training, fangs 1, strong nose
a: no special abilities


You were on level 3 of the Dungeon.
You were not hungry.

You visited 1 branch of the dungeon, and saw 3 of its levels.

You collected 11 gold pieces.

Inventory:

Hand Weapons
 a - a +0 hand axe (weapon)
Armour
 b - a +0 leather armour (worn)
 e - a +0 helmet
Scrolls
 c - a scroll of remove curse
Comestibles
 d - 2 rations
 f - 5 chunks of flesh


   Skills:
 + Level 4.5 Fighting
 + Level 0.4 Short Blades
 + Level 0.4 Long Blades
 + Level 4.5 Axes
 + Level 0.4 Maces & Flails
 + Level 0.4 Polearms
 + Level 0.4 Staves
 + Level 0.4 Slings
 + Level 0.4 Bows
 + Level 0.4 Crossbows
 + Level 0.4 Throwing
 + Level 2.5 Armour
 + Level 4.5 Dodging
 + Level 0.4 Stealth
 + Level 0.4 Shields
 + Level 0.4 Unarmed Combat
 + Level 4.9 Spellcasting
 + Level 0.2 Conjurations
 + Level 0.2 Hexes
 + Level 5.3 Charms
 + Level 0.2 Summonings
 + Level 0.2 Necromancy
 + Level 0.2 Translocations
 + Level 0.2 Transmutations
 + Level 0.2 Fire Magic
 + Level 0.2 Ice Magic
 + Level 0.2 Air Magic
 + Level 0.2 Earth Magic
 + Level 0.2 Poison Magic
 + Level 0.5 Invocations
 + Level 0.4 Evocations


You had 9 spell levels left.
You knew the following spells:

 Your Spells              Type           Power        Failure   Level  Hunger
y - Infusion              Chrm           ###.         2%          1    None

Your spell library contained the following spells:

 Spells                   Type           Power        Failure   Level  Hunger
 Song of Slaying          Chrm           ###.....     3%          2    ##.....
 Shroud of Golubria       Chrm/Tloc      ##....       10%         2    ##.....
 Regeneration             Chrm/Necr      ##........   21%         3    ###....
 Spectral Weapon          Hex/Chrm       ##......     21%         3    ###....


Dungeon Overview and Level Annotations

Branches:
Dungeon (3/15)

Altars:


Innate Abilities, Weirdness & Mutations

Your experience applies equally to all skills.
You have very sharp teeth.
Your uncanny sense of smell can sniff out nearby items.


Message History

Found a ring mail.
You see here a yellow potion.
It was a potion of haste.
You feel yourself speed up. The bat barely misses you.
You hit the bat!
You kill the bat!
You hit the rat!
You kill the rat!
* * * LOW HITPOINT WARNING * * *
You feel sick.
You open the door.
A rat comes into view.
There is an open door here.
* * * LOW HITPOINT WARNING * * *
You feel sick.
Found 21 stones.
Your magical contamination has completely faded away.
A kobold comes into view.
The kobold shouts!
You die...

#.##........#..........r
#.##..†<....'.##'##....
##.##........#†##.# .
..>........###.##.#
##.#..##.#........#
...#.....#..##.#..#
.##########.#..#..# .∆
....#..# .#.###@.#
#......# #..###.# #. #.#
# #.# #(# #.# .K. ∆#..


You could see a kobold.

Vanquished Creatures
  An adder (D:3)
  A goblin (D:1)
  A hobgoblin (D:2)
  2 bats
  A frilled lizard (D:3)
  4 rats
10 creatures vanquished.

Notes
Turn   | Place    | Note
-------+----------+-------------------------------------------
     0 | D:1      | FishyPogo the Gnoll Skald began the quest for the Orb.
     0 | D:1      | Reached XP level 1. HP: 20/20 MP: 6/6
    39 | D:1      | You fall into a shaft and drop 1 floor!
    95 | D:3      | Reached XP level 2. HP: 4/26 MP: 1/7
   106 | D:3      | HP: 1/26 [poisoned by an adder]
   112 | D:3      | HP: 1/26 [poisoned by an adder]
   118 | D:3      | Succumbed to an adder's poison

Levels and vault maps discovered:
D:1:      mrwooster_arrival_statue, layout_basic
D:2:      layout_loops_ring, makhleb_blood_cavern_becter
D:3:      layout_basic, gammafunk_ghost_icy, hangedman_decor_opposing

Action                   || total
-------------------------++-------
Melee: Hand axe          ||    18
       Bite              ||     1
 Cast: Infusion          ||     3
  Use: Scroll            ||     1
       Potion            ||     1
Armor: Leather armour    ||     5
Dodge: Dodged            ||    14
